 Dungeon Crawl Stone Soup version 0.17-a0-1399-gd5b76e1 (webtiles) character file.

114 Fluffy the Slasher (level 4, 0/33 HPs)
             Began as a Demonspawn Gladiator on June 19, 2015.
             Slain by urechis's ghost (7 damage)
             ... on level 3 of the Dungeon.
             The game lasted 00:08:44 (2555 turns).

Fluffy the Slasher (Demonspawn Gladiator)           Turns: 2555, Time: 00:08:44

Health: 0/33       AC:  7    Str: 17    XL:     4   Next: 67%
Magic:  4/4        EV: 13    Int:  9    God:
Gold:   164        SH:  0    Dex: 13    Spells: 0 memorised, 3 levels left

rFire  . . .     SeeInvis .     a - +0 long sword
rCold  . . .     Clarity  .     f - +0 ring mail
rNeg   . . .     SustAt   .     (no shield)
rPois  .         Gourm    .     c - +0 helmet
rElec  .         Spirit   .     (no cloak)
rCorr  .         Warding  .     g - +0 pair of gloves
rMut   .         Stasis   .     (no boots)
MR     +....                    (no amulet)
Stlth  +.........               (no ring)
                                s - ring of protection from magic

@: somewhat resistant to hostile enchantments, very unstealthy
A: repulsion field 1, powered by death 1
a: no special abilities


You were on level 3 of the Dungeon.
You were hungry.

You visited 1 branch of the dungeon, and saw 3 of its levels.

You collected 164 gold pieces.

Inventory:

Hand weapons
 a - a +0 long sword (weapon)
Missiles
 d - 3 throwing nets (quivered)
Armour
 c - a +0 helmet (worn)
 f - a +0 ring mail (worn)
 g - a +0 pair of gloves (worn)
Jewellery
 s - a ring of protection from magic (left hand)
Scrolls
 b - a scroll of fear
 h - a scroll of blinking
 i - a scroll of noise {unknown}
Potions
 j - a potion of haste
 k - 2 potions of agility
 l - a potion of magic {unknown}
 p - a potion of beneficial mutation {unknown}
 q - a potion of heal wounds {unknown}
Comestibles
 e - 2 bread rations
 m - a meat ration
 r - 2 beef jerkies


   Skills:
 - Level 2.0 Fighting
 + Level 5.0 Long Blades
 - Level 1.7 Throwing
 - Level 2.6 Dodging


You had 3 spell levels left.
You didn't know any spells.

Dungeon Overview and Level Annotations

Branches:
Dungeon (3/15)

Altars:
Dithmenos
Kikubaaqudgha
Trog

Annotations:
D:3 urechis's ghost, average MfGl


Innate Abilities, Weirdness & Mutations

You are surrounded by a mild repulsion field (EV +2).
You regenerate a little health from kills.


Message History

Urechis's ghost hits you!
You barely miss urechis's ghost.
Urechis's ghost is almost destroyed.
Urechis's ghost hits you.
* * * LOW HITPOINT WARNING * * *
You closely miss urechis's ghost.
Urechis's ghost is almost destroyed.
Urechis's ghost hits you.
* * * LOW HITPOINT WARNING * * *
You hit urechis's ghost but do no damage.
Urechis's ghost is almost destroyed.
Urechis's ghost hits you but does no damage.
You closely miss urechis's ghost.
Urechis's ghost is almost destroyed.
You feel less regenerative.
Urechis's ghost hits you but does no damage.
You barely miss urechis's ghost.
Urechis's ghost is almost destroyed.
Urechis's ghost hits you!
You die...

#....# #....#
#....# #....#
#....#####
#..(.'....
#....##### #
######### #.####
#.#...@...#.'#+
#.##.)W..##P..
#..........P..
#.............
##...###P.$..#
#.....#P..P#.# #
#..........#.#.#
#....g..P.##'#'####
##.##P........>....
..


You could see urechis's ghost.

Vanquished Creatures
  Robin (D:2)
  2 adders (D:2)
  4 worms
  3 giant geckos
  An orc (D:3)
  6 bats
  6 giant cockroaches
  16 goblins
  10 hobgoblins
  3 jackals (D:3)
  6 kobolds
  3 giant newts
  7 rats
  A plant (D:1)
69 creatures vanquished.

Notes
Turn   | Place    | Note
--------------------------------------------------------------
     0 | D:1      | Fluffy the Demonspawn Gladiator began the quest for the Orb.
     0 | D:1      | Reached XP level 1. HP: 16/16 MP: 1/1
   120 | D:1      | Reached skill level 3 in Long Blades
   164 | D:1      | Gained mutation: You are surrounded by a mild repulsion field (EV +2). [demonic ancestry]
   164 | D:1      | Reached XP level 2. HP: 20/22 MP: 2/2
  1062 | D:1      | Reached XP level 3. HP: 25/27 MP: 3/3
  1362 | D:2      | Reached skill level 4 in Long Blades
  1630 | D:2      | Noticed Robin
  1653 | D:2      | Killed Robin
  1685 | D:2      | Found a shadowy altar of Dithmenos.
  1716 | D:2      | Gained mutation: You regenerate a little health from kills. [demonic ancestry]
  1716 | D:2      | Reached XP level 4. HP: 20/33 MP: 4/4
  2332 | D:3      | Reached skill level 5 in Long Blades
  2407 | D:3      | Found a bloodstained altar of Trog.
  2481 | D:3      | Noticed urechis's ghost (average MfGl)
  2537 | D:3      | Found an ancient bone altar of Kikubaaqudgha.
  2555 | D:3      | Slain by urechis's ghost

Vault maps used:
D:1:      dpeg_arrival_lava_temple_mockup, wad_woods_river_04, st_stairs_4,
          supply_closet_lemuel
D:2:      nicolae_overflow_crystal_walls, uniq_robin
D:3:      kiku_gazebo_garden_becter, lightli_temple_of_fire,
          portal_sewer_entry_e, nicolae_underground_beach

Action                   |  1- 3 |  4- 6 || total
-------------------------+-------+-------++-------
Melee: Long sword        |   175 |    84 ||   259
  Use: Scroll            |       |     7 ||     7
  Eat: Chunk             |     3 |     2 ||     5
